AoeStats
← x Turbo0

Arabia

504935446Analyzed
1v1 RM · 25d ago on Sep 7, 2026· 38m 5s· 2 players
Game mode
Random Map
Map size
Tiny (2 player)
Population
200
Speed
Normal
Resources
Standard
Victory
Conquest
Starting age
Dark Age
Ending age
Imperial Age
RankedLock teamsTeams togetherTeam positionsShared explorationLock speedFull tech treeHidden civsTurbo modeCheats
Victory
Defeat
🇨🇴 Mongols · Colombia
1092
+15
🇲🇽 Gurjaras · Mexico
1064
-15
x Turbo0
10:11 Loom
12:34 Feudal Age
13:04 Double-Bit Axe
13:00 Horse Collar
15:49 Wheelbarrow
20:00 Castle Age
18:44 Forging
19:41 Gold Mining
19:44 Stone Mining
19:52 Stone Mining
21:08 Bow Saw
25:02 Town Watch
28:02 Scale Mail Armor
28:13 Forging
27:29 Man-at-Arms
28:51 Arson
32:41 Imperial Age
32:20 Padded Archer Armor
32:13 Fletching
34:18 Bodkin Arrow
JCarvajal
7:50 Loom
10:11 Feudal Age
14:10 Double-Bit Axe
16:41 Wheelbarrow
16:48 Town Watch
21:49 Castle Age
20:04 Fletching
22:36 Forging
22:31 Scale Barding Armor
22:57 Bloodlines
24:26 Horse Collar
34:05 Imperial Age
32:14 Hand Cart
35:38 Bodkin Arrow
35:44 Padded Archer Armor
36:22 Iron Casting
36:07 Chain Barding Armor
35:30 Capped Ram
39:36 Chemistry
Connection lost

Rejoining the realm…

Still unreachable

The connection could not be restored.

Session expired

The server has moved on; the page needs a fresh start.